Map: Thunderbird LE

Players

GhostHell - Winner!

  • Race: Zerg Zerg
  • Spawn Location: 11:00

sleepCOW

  • Race: Zerg Zerg
  • Spawn Location: 5:00

Event: 2019 WCS Summer

VOD

Have the link to the VOD?

Description

Time

  • Played on: July 12, 2019, 8:51 a.m.
  • Length: 7:00

All games in this series

Show
View Real Time Build Order
Export as new Build Order

GhostHell Zerg - Winner!

Build Orders: Hatch First 

Get SALT Encoding   

  12  0:00  Drone  
  13  0:13  Overlord  
  13  0:17  Drone  
  14  0:31  Drone  
  14  0:32  Drone  
  14  0:35  Drone  
  17  0:52  Hatchery  
  17  0:54  Drone  
  17  0:57  Drone  
  18  1:08  Extractor  
  17  1:12  Spawning Pool  
  17  1:15  Drone  
  17  1:18  Drone  
  18  1:29  Drone  
  19  1:41  Overlord  
  19  1:52  Drone  
  20  1:59  Queen  
  22  2:02  Zergling x2  
  22  2:03  Queen  
  22  2:04  Zergling x2  
  26  2:11  Drone  
  26  2:15  Drone  
  28  2:22  Metabolic Boost, Drone  
  29  2:27  Drone  
  30  2:35  Hatchery  
  29  2:38  Drone  
  29  2:43  Drone  
  31  2:47  Drone  
  31  2:48  Overlord  
  32  2:52  Baneling Nest  
  30  3:00  Drone x2  
  32  3:05  Drone  
  32  3:07  Drone  
  34  3:14  Zergling x10  
  39  3:24  Zergling x2  
  39  3:25  Zergling x4  
  42  3:28  Overlord  
  42  3:36  Baneling x2  
  42  3:40  Evolution Chamber  
  42  3:41  Zergling x2  
  42  3:44  Overlord  
  42  3:48  Queen  
  42  3:53  Zergling x2  
  42  3:54  Zergling x8  
  49  4:04  Zergling x8  
  53  4:14  Zerg Missile Weapons Level 1  
  52  4:19  Drone x6  
  52  4:22  Extractor  
  56  4:35  Roach Warren  
  56  4:36  Baneling  
  53  4:39  Drone  
  53  4:40  Drone x5  
  53  4:43  Extractor  
  58  4:51  Lair  
  58  4:52  Drone x2  
  60  4:53  Drone x2  
  62  5:01  Overlord x2  
  62  5:08  Drone x3  
  62  5:09  Drone  
  66  5:25  Roach x7  
  80  5:34  Roach  
  82  5:39  Overlord  
  82  5:53  Overlord  
  82  6:02  Roach  
  82  6:03  Roach x3, Overlord  
  87  6:09  Overlord  
  85  6:13  Roach x6  
  96  6:20  Overlord  
  96  6:21  Overlord  
  96  6:23  Roach x4  
  104  6:31  Roach x5  
Show
View Real Time Build Order
Export as new Build Order

sleepCOW Zerg 

Build Orders: Hatch First, Roach Nydus 

Get SALT Encoding   

  12  0:00  Drone  
  13  0:12  Overlord  
  13  0:16  Drone  
  14  0:30  Drone x2  
  16  0:48  Hatchery  
  15  0:51  Drone  
  15  0:55  Drone  
  17  0:58  Drone  
  18  1:08  Extractor  
  17  1:14  Spawning Pool  
  17  1:16  Drone  
  17  1:20  Drone  
  18  1:29  Drone  
  19  1:38  Drone  
  20  1:49  Drone  
  21  2:00  Drone, Queen x2  
  26  2:01  Overlord  
  26  2:11  Metabolic Boost  
  26  2:12  Drone  
  26  2:13  Drone  
  28  2:23  Drone  
  28  2:25  Drone  
  30  2:33  Zergling x2  
  30  2:34  Hatchery  
  30  2:36  Zergling x2  
  31  2:44  Queen  
  31  2:46  Zergling x2  
  31  2:48  Drone  
  35  2:57  Drone  
  36  2:59  Overlord  
  36  3:05  Evolution Chamber  
  35  3:10  Drone  
  35  3:11  Overlord  
  35  3:12  Overlord  
  36  3:27  Drone x2  
  36  3:28  Drone x2  
  36  3:29  Overlord  
  36  3:32  Zerg Missile Weapons Level 1  
  40  3:42  Roach Warren  
  40  3:44  Lair, Extractor  
  40  3:47  Drone x2  
  40  3:52  Drone  
  41  3:57  Evolution Chamber  
  40  4:06  Drone x6  
  40  4:07  Extractor  
  45  4:16  Drone x3  
  46  4:22  Drone  
  46  4:23  Drone  
  46  4:24  Drone  
  45  4:34  Roach x5  
  50  4:50  Nydus Network  
  50  4:51  Queen x2  
  53  4:54  Roach  
  55  5:00  Roach x2  
  55  5:04  Roach  
  55  5:06  Overlord  
  59  5:15  Overlord  
  59  5:23  Overlord  
  59  5:25  Roach x4  
  67  5:29  Nydus Canal  
  67  5:43  Nydus Canal  
  67  5:46  Roach  
  67  5:47  Roach x3  
  75  5:52  Overlord  
  75  6:09  Nydus Canal  
  75  6:14  Roach x4  
  83  6:23  Overlord  
  83  6:36  Overlord  
Tags
 
Add a new tag
Caveats
  • Supply blocks, unpowered buildings, or Contaminate may cause inaccurate times.
  • Supply counts are checked every 10 seconds.